Map: Terraform LE (Void)

Players

qxc - Winner!

  • Race: Terran Terran
  • League: Master

fOtroS (SortOf)

  • Race: Zerg Zerg
  • League: Master

Event: Lycan League Weekly August #2

VOD

Have the link to the VOD?

Description

Time

  • Played on: Aug. 10, 2015, 1:02 p.m.
  • Length: 13:59

All games in this series

Show
View Real Time Build Order
Export as new Build Order

qxc Terran - Winner!

Build Orders: Reaper Expand, Bio Mine 

Get SALT Encoding   

  12  0:01  SCV  
  13  0:13  SCV  
  14  0:17  Supply Depot  
  14  0:25  SCV  
  15  0:39  SCV  
  15  0:42  Barracks  
  16  0:46  Refinery  
  16  0:51  SCV  
  17  1:03  SCV  
  18  1:15  SCV  
  19  1:29  Reaper, Orbital Command  
  20  1:42  Command Center  
  20  1:50  Supply Depot  
  20  1:55  SCV  
  20  2:01  Marine  
  21  2:07  SCV  
  23  2:14  Factory  
  23  2:19  SCV  
  24  2:23  Barracks Reactor  
  24  2:27  Barracks  
  24  2:32  SCV  
  25  2:39  Barracks  
  25  2:46  SCV  
  26  2:53  Orbital Command  
  26  2:58  SCV, Refinery  
  27  3:06  Hellion x2, Barracks Tech Lab  
  27  3:11  SCV  
  32  3:20  Barracks Reactor  
  32  3:23  SCV x2  
  34  3:27  Marine  
  34  3:29  Hellion x2  
  34  3:33  Stimpack  
  39  3:36  SCV  
  39  3:37  SCV  
  41  3:44  Supply Depot  
  41  3:51  SCV  
  41  3:52  SCV  
  41  3:53  Barracks Reactor, Marine  
  44  3:56  Hellion  
  46  4:03  Supply Depot  
  46  4:05  Marine x2  
  46  4:06  Starport  
  48  4:10  SCV  
  48  4:15  SCV, Supply Depot  
  50  4:19  Marine  
  50  4:22  SCV  
  50  4:23  Marine x2  
  54  4:27  SCV  
  55  4:32  Hellion, Marine x2  
  55  4:34  SCV  
  55  4:37  Marine  
  57  4:42  SCV  
  54  4:46  SCV  
  54  4:47  Engineering Bay  
  55  4:54  SCV  
  55  4:55  Marine x4  
  55  4:56  Marine  
  55  4:58  Hellion  
  55  4:59  SCV  
  64  5:00  Medivac x2  
  64  5:06  SCV  
  68  5:07  Supply Depot  
  68  5:12  Bunker  
  68  5:13  Marine x2  
  68  5:14  Terran Infantry Weapons Level 1  
  70  5:20  Supply Depot  
  70  5:29  Marine x3  
  70  5:30  Marine  
  70  5:33  Combat Shields  
  74  5:37  Command Center, SCV  
  74  5:38  Marine  
  76  5:43  Supply Depot  
  76  5:45  Refinery, Missile Turret  
  76  5:46  Refinery  
  76  5:47  SCV  
  77  5:51  SCV  
  77  5:53  Marine x2  
  77  5:56  Marine x2  
  82  5:59  Missile Turret  
  82  6:00  SCV, Missile Turret  
  83  6:04  SCV  
  83  6:05  Marine  
  83  6:11  Marine x2  
  85  6:12  SCV  
  85  6:15  Marine x2  
  85  6:16  SCV  
  91  6:22  Medivac  
  91  6:23  Marine  
  94  6:28  Supply Depot x2, Factory Reactor  
  94  6:48  SCV x2, Medivac  
  94  6:50  Orbital Command  
  98  6:54  Barracks  
  98  6:55  Barracks, Medivac  
  98  7:01  SCV  
  101  7:02  SCV  
  101  7:07  Marine x4  
  106  7:13  SCV, Marine  
  106  7:14  SCV, Widow Mine  
  108  7:24  Orbital Command  
  108  7:25  SCV, Marine x4  
  108  7:26  SCV  
  114  7:33  Missile Turret  
  114  7:35  Bunker  
  114  7:37  SCV  
  114  7:38  SCV, Marine  
  114  7:43  Terran Infantry Armor Level 1, Marine  
  118  7:49  SCV  
  118  7:50  SCV  
  118  7:51  Armory  
  120  7:54  Engineering Bay  
  120  7:58  Supply Depot, SCV  
  120  7:59  Marine  
  120  8:01  SCV  
  120  8:02  SCV  
  120  8:05  Marine x2  
  114  8:07  Marine x2  
  114  8:11  SCV  
  93  8:15  SCV  
  93  8:17  Marine  
  93  8:18  SCV  
  91  8:23  SCV, Marine x2  
  91  8:26  Barracks Reactor x2  
  94  8:31  Medivac x2  
  94  8:32  Widow Mine x2  
  94  8:33  Marine  
  103  8:46  Marine  
  103  8:47  Marauder, Marine x2  
  108  8:51  Marine  
  108  8:52  Supply Depot  
  109  8:56  Supply Depot x2  
  109  8:58  Supply Depot  
  109  8:59  Supply Depot, Factory  
  109  9:03  Terran Infantry Weapons Level 2  
  109  9:04  Widow Mine x2, Marine x2  
  109  9:08  Marauder  
  117  9:10  Marine  
  117  9:11  Marine x4  
  122  9:19  Marine  
  122  9:21  Medivac  
  122  9:22  Marine x2  
  122  9:23  Medivac  
  129  9:28  Marine  
  129  9:30  Marauder  
  132  9:34  Marine x4  
  132  9:36  Marine  
  136  9:40  Marine x2  
  136  9:41  Barracks  
  136  9:42  Barracks, Widow Mine  
  136  9:43  Factory Tech Lab, Widow Mine  
  140  9:52  Marauder, Marine x4  
  147  9:58  Terran Infantry Armor Level 2  
  145  10:10  Command Center  
  145  10:11  Thor  
  145  10:12  Drilling Claws  
  145  10:13  Marine x3  
  151  10:25  Marauder, Marine x4  
  156  10:34  Widow Mine x2  
  156  10:35  Marine x3, Medivac x2  
  167  10:47  Barracks Tech Lab x2, Marauder, Marine x3  
  172  11:03  Thor  
  172  11:04  Widow Mine  
  178  11:07  Widow Mine  
  181  11:11  Supply Depot x2  
  181  11:14  Supply Depot  
  181  11:19  Marauder  
  181  11:20  Medivac  
  181  11:22  Marauder x2, Medivac  
  181  11:23  Marine x2  
  181  11:24  Marine  
  190  11:28  Marine x3  
  190  11:30  Marine x2  
  163  11:40  Marauder  
  163  11:41  Marine x3  
  163  11:43  Marauder x2  
  163  11:46  Marine  
  166  11:49  Marine  
  151  11:55  SCV x2  
  145  12:01  SCV, Marine  
  145  12:02  Marauder, Marine  
  145  12:04  Marine x2  
  145  12:05  Marauder x2  
  156  12:09  Factory Tech Lab  
  156  12:10  Marine  
  156  12:11  Marine x3  
  160  12:16  SCV  
  160  12:18  SCV  
  160  12:19  Marine x2  
  160  12:22  Marine x2  
  156  12:23  Marauder  
  156  12:26  Marine  
  156  12:27  Marine  
  156  12:28  Marine  
  158  12:34  Marine x3  
  158  12:35  SCV  
  162  12:38  Marine  
  162  12:40  SCV  
  162  12:48  Siege Tank x2  
  161  12:51  Medivac  
  161  12:52  Marine  
  161  12:56  SCV  
  154  13:02  Marine  
  154  13:03  Marine  
  154  13:04  Marine x2  
  154  13:05  Marine  
  156  13:14  Planetary Fortress  
  156  13:15  Marine x2  
  152  13:20  Siege Tank  
  152  13:22  Marine x2  
  152  13:23  Marine  
  158  13:34  Marine  
  158  13:39  Marine x3  
  158  13:41  Marine  
Show
View Real Time Build Order
Export as new Build Order

fOtroS Zerg 

Build Orders: Hatch First, Muta Ling Bane 

Get SALT Encoding   

  12  0:01  Drone  
  13  0:12  Overlord  
  13  0:17  Drone  
  14  0:30  Drone x2  
  14  0:34  Drone  
  17  0:45  Drone  
  18  0:56  Hatchery  
  17  0:59  Drone  
  18  1:08  Drone  
  19  1:16  Spawning Pool  
  19  1:18  Drone  
  19  1:22  Extractor  
  18  1:33  Drone  
  18  1:38  Drone  
  20  1:49  Overlord  
  20  2:02  Queen  
  20  2:07  Zergling x2  
  23  2:08  Queen  
  23  2:10  Drone  
  23  2:11  Zergling x2  
  27  2:20  Drone  
  27  2:22  Metabolic Boost, Drone  
  29  2:30  Extractor  
  29  2:33  Spore Crawler  
  27  2:40  Drone x2  
  31  2:44  Queen  
  31  2:50  Overlord  
  33  2:52  Drone x2  
  33  2:55  Drone  
  36  3:00  Lair  
  36  3:07  Overlord  
  36  3:09  Drone  
  36  3:10  Drone  
  36  3:12  Drone x2  
  40  3:13  Drone x2  
  40  3:19  Drone x2  
  44  3:26  Drone x3  
  47  3:27  Drone  
  47  3:30  Extractor  
  47  3:31  Extractor  
  46  3:36  Spine Crawler  
  46  3:37  Queen  
  46  3:49  Drone  
  46  3:51  Drone x5  
  46  3:55  Drone  
  52  3:56  Overlord  
  52  3:58  Overlord  
  52  4:05  Extractor  
  52  4:08  Spire  
  50  4:10  Overlord  
  50  4:13  Overseer  
  50  4:16  Zergling x8  
  54  4:20  Queen  
  53  4:39  Drone x6  
  53  4:40  Drone  
  53  4:45  Drone x2  
  61  4:51  Drone x2  
  63  4:57  Spore Crawler  
  63  5:07  Hatchery  
  62  5:08  Evolution Chamber  
  62  5:09  Evolution Chamber  
  60  5:20  Mutalisk  
  60  5:21  Mutalisk x3  
  62  5:23  Mutalisk  
  70  5:29  Overlord  
  70  5:33  Mutalisk x2  
  74  5:36  Mutalisk  
  74  5:40  Overlord  
  76  5:44  Baneling Nest  
  75  5:52  Overlord  
  75  5:53  Zerg Ground Armor Level 1  
  75  5:56  Drone x2  
  77  5:58  Drone x2  
  77  5:59  Drone x2  
  79  6:06  Zergling x8  
  79  6:08  Overlord  
  83  6:12  Zergling x2  
  83  6:15  Zergling x2  
  85  6:20  Overlord  
  85  6:23  Overlord  
  85  6:27  Baneling x8  
  85  6:28  Centrifical Hooks  
  85  6:31  Overlord  
  84  6:35  Zerg Melee Weapons Level 1  
  84  6:41  Hatchery  
  83  6:48  Mutalisk, Overseer  
  83  6:53  Mutalisk  
  86  7:02  Mutalisk  
  86  7:04  Overlord  
  86  7:05  Zergling x16  
  86  7:06  Hatchery  
  93  7:18  Mutalisk  
  95  7:24  Baneling x3  
  95  7:25  Drone, Baneling x2  
  95  7:29  Drone x4  
  100  7:33  Extractor  
  100  7:34  Overlord  
  99  7:37  Zergling x10  
  99  7:38  Zergling x4  
  107  7:44  Drone  
  107  7:45  Overlord  
  107  7:50  Zerg Ground Armor Level 2  
  107  8:01  Overlord  
  107  8:02  Baneling x7  
  107  8:03  Baneling  
  98  8:14  Drone x10  
  98  8:18  Drone x2  
  102  8:26  Drone  
  103  8:27  Extractor  
  103  8:30  Mutalisk x2  
  106  8:38  Hydralisk Den  
  102  8:41  Zergling x2  
  102  8:42  Zergling x4  
  105  8:53  Zerg Melee Weapons Level 2  
  105  8:54  Zergling x12  
  111  8:56  Pneumatized Carapace  
  111  9:01  Overlord x2  
  111  9:02  Hatchery  
  111  9:05  Lurker Den  
  110  9:10  Zergling x16  
  118  9:22  Overlord, Hydralisk  
  118  9:23  Hydralisk  
  122  9:25  Hydralisk  
  122  9:34  Queen, Baneling x4  
  122  9:37  Mutalisk  
  122  9:38  Mutalisk x2  
  130  9:40  Overseer  
  130  9:41  Overseer  
  130  9:50  Drone x6  
  136  9:54  Zergling x10  
  136  9:59  Overlord  
  141  10:04  Zergling x10  
  141  10:05  Zergling x2  
  145  10:17  Zergling x2  
  145  10:19  Mutalisk x5  
  154  10:24  Baneling  
  154  10:25  Drone x2, Baneling x7  
  156  10:33  Lurker  
  156  10:35  Zergling x8  
  156  10:36  Zergling x8  
  162  10:43  Overlord  
  162  10:45  Extractor  
  162  10:46  Overlord, Extractor  
  159  10:55  Lurker  
  160  11:09  Lurker  
  161  11:12  Overlord  
  161  11:14  Zergling x18  
  161  11:17  Zergling x12  
  170  11:28  Infestation Pit  
  152  11:36  Zergling x2  
  152  11:37  Zergling x12  
  137  11:49  Zergling x4  
  137  11:50  Zergling x4  
  137  11:53  Zergling x6  
  139  11:56  Baneling x4  
  138  12:03  Overseer  
  128  12:10  Mutalisk x3  
  128  12:11  Mutalisk x8  
  147  12:18  Hatchery  
  132  12:25  Zergling x2  
  132  12:26  Zergling x6  
  132  12:28  Zergling x4  
  126  12:33  Zergling x14  
  135  12:37  Zergling x4  
  135  12:39  Zergling x4  
  135  12:40  Zergling x2  
  134  12:45  Zergling x2  
  109  12:52  Zergling x4  
  109  12:57  Hatchery  
  98  13:00  Drone x2  
  98  13:03  Drone x4  
  102  13:08  Zergling x20  
  110  13:14  Hatchery  
  110  13:15  Baneling x16  
  110  13:17  Overseer  
  108  13:27  Zergling x8  
  108  13:31  Overlord  

Tags
 
Add a new tag
Caveats
  • Supply blocks, unpowered buildings, or Contaminate may cause inaccurate times.
  • Supply counts are checked every 10 seconds.